Map: Last Remnant

Players

darek - Winner!

  • Race: Protoss Protoss
  • Spawn Location: 3:00

blancoe - Winner!

  • Race: Protoss Protoss
  • Spawn Location: 1:00

MooEsqoo - Winner!

  • Race: Protoss Protoss
  • Spawn Location: 12:00

Catnap - Winner!

  • Race: Terran Terran
  • Spawn Location: 12:00

GABRIEL

  • Race: Terran Terran
  • League: Diamond
  • Spawn Location: 6:00

orbasan

  • Race: Terran Terran
  • League: Silver
  • Spawn Location: 7:00

Tiberius

  • Race: Protoss Protoss
  • Spawn Location: 9:00

yaper

  • Race: Zerg Zerg
  • League: Gold
  • Spawn Location: 6:00

VOD

Have the link to the VOD?

Description

Time

  • Played on: Nov. 14, 2019, 10:39 a.m.
  • Length: 17:06
Show
View Real Time Build Order
Export as new Build Order

darek Protoss - Winner!

Build Orders: Nexus First, Carriers 

Get SALT Encoding   

  12  0:04  Probe (Chrono Boost)  
  14  0:14  Probe (Chrono Boost)  
  14  0:19  Probe (Chrono Boost)  
  15  0:59  Nexus  
  15  1:05  Pylon  
  15  1:23  Probe  
  16  1:34  Nexus  
  16  1:35  Probe  
  17  1:51  Probe (Chrono Boost)  
  18  1:55  Gateway  
  18  2:03  Probe (Chrono Boost)  
  19  2:12  Probe (Chrono Boost)  
  19  2:14  Probe (Chrono Boost)  
  22  2:23  Probe (Chrono Boost), Assimilator  
  22  2:28  Probe (Chrono Boost), Assimilator  
  23  2:38  Probe (Chrono Boost)  
  25  2:44  Probe (Chrono Boost)  
  25  2:49  Probe x2 (Chrono Boost)  
  28  2:57  Probe x2 (Chrono Boost)  
  28  2:58  Probe (Chrono Boost)  
  30  3:00  Assimilator  
  30  3:02  Probe (Chrono Boost)  
  30  3:03  Probe (Chrono Boost), Assimilator  
  30  3:04  Probe  
  33  3:15  Probe  
  33  3:16  Cybernetics Core, Probe  
  35  3:20  Pylon  
  35  3:27  Probe (Chrono Boost)  
  35  3:30  Probe (Chrono Boost)  
  35  3:31  Forge  
  37  3:39  Probe (Chrono Boost)  
  39  3:49  Probe (Chrono Boost)  
  39  3:51  Probe (Chrono Boost)  
  42  3:56  Probe (Chrono Boost)  
  42  3:59  Probe (Chrono Boost), Assimilator  
  42  4:00  Probe (Chrono Boost)  
  43  4:03  Assimilator  
  43  4:04  Probe (Chrono Boost)  
  43  4:06  Probe (Chrono Boost)  
  43  4:08  Probe (Chrono Boost)  
  43  4:09  Probe (Chrono Boost)  
  46  4:12  Nexus  
  46  4:15  Probe  
  48  4:21  Probe (Chrono Boost), Assimilator  
  49  4:26  Assimilator  
  49  4:28  Probe (Chrono Boost)  
  51  4:31  Probe (Chrono Boost)  
  51  4:35  Stargate  
  53  4:38  Probe x2 (Chrono Boost), Stargate  
  53  4:42  Pylon  
  53  4:43  Probe (Chrono Boost), Pylon  
  54  4:50  Pylon  
  54  4:54  Probe, Pylon  
  55  5:06  Probe (Chrono Boost)  
  57  5:11  Probe (Chrono Boost)  
  57  5:17  Probe x2 (Chrono Boost)  
  59  5:25  Probe x2 (Chrono Boost)  
  59  5:27  Void Ray x2  
  69  5:30  Probe (Chrono Boost)  
  69  5:32  Probe  
  69  5:34  Stargate  
  71  5:37  Stargate  
  71  5:39  Stargate  
  71  5:41  Probe  
  72  5:43  Pylon  
  72  5:44  Pylon  
  72  5:45  Probe  
  72  5:46  Pylon  
  72  5:48  Pylon  
  73  5:53  Probe  
  74  6:21  Void Ray x2  
  74  6:22  Void Ray x3  
  94  6:29  Stargate  
  94  6:30  Stargate  
  94  6:40  Fleet Beacon  
  94  6:46  Robotics Facility  
  91  7:32  Carrier  
  91  7:33  Carrier x5  
  127  8:06  Observer  
  128  8:28  Observer  
  129  8:49  Observer  
  130  9:08  Carrier  
  135  10:21  Pylon  
  135  10:24  Pylon  
  135  10:25  Pylon  
  135  10:27  Pylon  
  135  10:28  Carrier, Pylon  
  140  10:30  Carrier  
  140  10:32  Carrier, Pylon  
  140  10:40  Carrier  
  140  10:42  Carrier  
  152  10:43  Carrier x2  
  163  11:59  Probe (Chrono Boost)  
  165  12:10  Probe (Chrono Boost)  
  165  12:14  Probe (Chrono Boost)  
  165  12:15  Photon Cannon  
  165  12:16  Photon Cannon  
  165  12:18  Photon Cannon  
  165  12:20  Photon Cannon  
  166  12:22  Pylon  
  166  12:23  Protoss Air Weapons Level 1, Pylon  
  166  12:25  Probe  
  166  12:29  Cybernetics Core  
  167  12:32  Carrier  
  167  12:33  Carrier x2  
  185  12:37  Probe  
  185  12:41  Carrier x2  
  197  13:18  Carrier  
  198  13:23  Carrier  
  190  13:37  Carrier  
  188  13:45  Carrier x2  
  194  14:23  Carrier  
  194  14:27  Carrier  
  200  14:32  Protoss Air Armor Level 1  
  182  16:14  Void Ray x3  
  182  16:15  Void Ray  
Show
View Real Time Build Order
Export as new Build Order

blancoe Protoss - Winner!

Build Orders: Cannon Rush 

Get SALT Encoding   

  12  0:13  Pylon  
  12  0:24  Pylon  
  12  0:39  Forge  
  12  1:15  Photon Cannon  
  12  1:18  Photon Cannon  
  12  1:25  Photon Cannon  
  12  1:35  Gateway  
  12  1:58  Photon Cannon  
  12  2:08  Pylon  
  12  2:27  Cybernetics Core  
  12  2:35  Assimilator  
  12  2:52  Photon Cannon  
  12  2:53  Probe  
  13  3:00  Assimilator  
  13  3:05  Probe  
  14  3:17  Probe  
  15  3:30  Shield Battery  
  15  3:42  Shield Battery  
  15  3:50  Photon Cannon  
  15  3:57  Pylon  
  15  4:03  Shield Battery  
  15  4:26  Stargate  
  15  4:30  Probe  
  16  4:42  Probe  
  17  4:49  Pylon  
  17  5:22  Nexus  
  17  5:52  Photon Cannon  
  17  5:56  Photon Cannon  
  17  6:04  Shield Battery  
  17  6:25  Void Ray (Chrono Boost)  
  21  6:55  Photon Cannon  
  21  6:58  Pylon  
  21  7:13  Shield Battery  
  21  7:21  Pylon  
  21  7:44  Photon Cannon  
  21  7:51  Photon Cannon  
  21  7:59  Shield Battery  
  20  8:24  Void Ray  
  24  8:33  Probe  
  25  9:05  Photon Cannon  
  25  9:38  Void Ray  
  25  9:45  Probe  
  30  9:57  Probe  
  31  10:06  Stargate  
  31  10:21  Void Ray  
  31  10:26  Photon Cannon  
  35  10:29  Shield Battery  
  35  10:54  Fleet Beacon  
  32  11:51  Tempest  
  37  11:55  Tempest  
  42  12:48  Nexus  
  42  12:53  Assimilator  
  42  13:05  Assimilator  
  42  14:02  Probe  
  43  14:14  Probe  
  44  14:26  Probe  
  45  14:34  Tempest  
  45  14:38  Probe  
  51  14:50  Probe (Chrono Boost)  
  53  15:01  Probe (Chrono Boost)  
  53  15:06  Probe (Chrono Boost)  
  54  15:16  Probe  
  55  15:22  Tempest  
  55  15:25  Tempest  
  65  15:28  Probe  
  66  16:01  Probe  
  67  16:13  Probe  
  68  16:25  Probe  
  69  16:55  Pylon  
  69  17:01  Pylon  
Show
View Real Time Build Order
Export as new Build Order

MooEsqoo Protoss - Winner!

Build Orders: Carriers 

Get SALT Encoding   

  12  0:01  Probe  
  13  0:16  Probe  
  14  0:21  Pylon  
  14  0:28  Probe  
  15  0:40  Probe  
  16  0:42  Gateway  
  16  0:47  Assimilator  
  16  0:52  Probe  
  17  1:04  Probe  
  18  1:23  Probe  
  19  1:35  Probe  
  20  1:42  Cybernetics Core  
  20  1:49  Nexus  
  20  1:51  Probe  
  21  1:57  Pylon  
  21  2:00  Assimilator  
  21  2:03  Probe  
  22  2:18  Probe  
  23  2:34  Probe  
  24  2:39  Stalker  
  26  2:56  Gateway  
  26  2:58  Stargate  
  26  3:04  Probe  
  27  3:16  Probe  
  27  3:17  Stalker (Chrono Boost)  
  27  3:19  Assimilator  
  30  3:23  Probe  
  30  3:26  Warp Gate (Chrono Boost)  
  31  3:28  Probe  
  32  3:40  Probe  
  33  4:05  Probe, Stalker  
  33  4:06  Stalker  
  33  4:08  Oracle  
  40  4:19  Probe  
  40  4:20  Probe  
  42  4:31  Probe  
  43  4:32  Probe  
  43  4:35  Stalker  
  46  4:39  Assimilator  
  46  4:42  Pylon  
  46  4:45  Pylon  
  46  4:48  Pylon x2  
  46  4:49  Pylon  
  46  5:00  Oracle, Stalker  
  51  5:14  Probe  
  51  5:16  Probe  
  53  5:26  Probe  
  54  5:28  Probe  
  54  5:30  Stalker  
  57  5:38  Probe  
  57  5:41  Probe  
  59  5:46  Oracle (Chrono Boost)  
  62  5:50  Probe  
  63  6:02  Probe  
  64  6:06  Probe  
  65  7:03  Stalker x2  
  69  7:11  Gateway  
  69  7:12  Oracle (Chrono Boost), Gateway  
  69  7:14  Gateway  
  72  7:42  Pylon  
  72  7:45  Pylon  
  72  7:47  Pylon  
  72  7:50  Pylon  
  72  8:00  Oracle  
  75  9:09  Stargate  
  75  9:12  Stargate  
  75  9:14  Stargate  
  75  9:19  Stargate  
  75  9:21  Stargate  
  75  9:24  Stargate  
  75  9:33  Stalker x2  
  75  9:34  Stalker x3  
  85  9:57  Phoenix  
  87  10:03  Fleet Beacon  
  87  10:05  Phoenix x3  
  87  10:07  Phoenix x2  
  95  10:08  Phoenix  
  96  10:47  Phoenix  
  96  10:48  Phoenix  
  96  10:49  Phoenix  
  102  10:50  Phoenix x2  
  102  11:15  Stalker x2  
  102  11:16  Stalker x3  
  106  11:19  Carrier  
  106  11:20  Carrier  
  115  12:02  Pylon  
  115  12:03  Pylon  
  115  12:06  Pylon  
  115  12:08  Pylon  
  115  12:11  Pylon  
  115  12:12  Pylon  
  115  12:13  Gateway  
  115  12:19  Gateway  
  115  12:20  Carrier  
  121  12:23  Gateway x2  
  121  12:37  Nexus  
  121  12:41  Carrier x2  
  133  12:46  Protoss Air Weapons Level 1 (Chrono Boost)  
  125  13:42  Carrier x2  
  125  13:43  Carrier  
  143  13:49  Probe  
  112  14:14  Carrier  
  112  14:15  Carrier  
  117  14:24  Probe  
  117  14:28  Probe  
  117  14:30  Probe  
  120  14:36  Probe  
  121  14:40  Probe  
  121  14:43  Probe  
  123  14:48  Zealot  
  123  14:49  Probe, Zealot x4  
  123  14:50  Zealot x4  
  123  14:52  Probe  
  143  14:55  Probe  
  143  14:56  Forge  
  143  14:58  Carrier  
  144  15:01  Probe  
  144  15:04  Probe  
  146  15:13  Probe  
  153  15:16  Probe  
Show
View Real Time Build Order
Export as new Build Order

Catnap Terran - Winner!

Build Orders:  

Get SALT Encoding   

  12  0:12  Supply Depot  
  12  0:20  Refinery  
  12  0:30  Supply Depot  
  12  0:48  Barracks  
  12  1:01  SCV  
  13  1:13  SCV  
  14  1:25  SCV  
  14  1:29  Supply Depot  
  15  1:36  Refinery  
  15  1:37  Barracks Reactor  
  15  1:55  Factory  
  15  2:00  SCV  
  16  2:12  SCV  
  17  2:20  Marine x2  
  19  2:24  SCV  
  20  2:36  SCV  
  21  2:38  Marine x2  
  23  2:48  SCV  
  24  3:17  Starport  
  24  3:34  Factory Tech Lab  
  24  3:40  Orbital Command  
  24  4:01  Command Center  
  24  4:02  Siege Tank  
  27  4:08  Starport Tech Lab  
  27  4:15  Fusion Core  
  27  4:25  Armory  
  27  4:27  Supply Depot  
  27  4:29  SCV  
  28  4:49  SCV  
  29  5:01  SCV  
  29  5:05  Refinery  
  30  5:13  SCV  
  31  5:20  Refinery  
  31  5:25  Battlecruiser, SCV  
  38  5:36  Orbital Command  
  38  5:37  SCV  
  39  5:49  Starport  
  39  5:53  Terran Vehicle And Ship Armor Level 1  
  39  5:57  SCV  
  40  6:07  Supply Depot  
  40  6:09  SCV  
  41  6:21  SCV  
  41  6:23  Starport  
  42  6:30  Starport Tech Lab  
  39  6:54  SCV  
  39  7:05  Starport Tech Lab  
  39  7:06  SCV  
  39  7:07  Battlecruiser  
  46  7:18  SCV  
  47  7:30  SCV  
  47  7:35  Battlecruiser  
  54  7:43  SCV  
  55  7:45  Supply Depot  
  55  7:47  Terran Ship Weapons Level 1  
  55  7:55  SCV  
  56  8:07  SCV  
  57  8:15  Battlecruiser  
  57  8:19  SCV  
  62  8:31  SCV  
  58  8:57  Battlecruiser  
  64  9:05  Supply Depot  
  64  9:09  Supply Depot  
  57  9:41  Terran Vehicle And Ship Armor Level 2  
  57  9:48  Battlecruiser  
  63  10:01  Battlecruiser  
  69  10:16  Supply Depot  
  69  10:22  Supply Depot  
  69  10:45  Siege Tank  
  64  11:23  SCV  
  65  11:28  Battlecruiser  
  71  11:35  SCV  
  72  11:47  SCV  
  73  11:56  Terran Ship Weapons Level 2  
  73  11:59  SCV  
  74  12:11  SCV  
  75  12:23  SCV  
  76  12:32  Battlecruiser  
  76  12:35  SCV  
  83  12:47  SCV  
  84  12:54  Battlecruiser  
  84  12:56  Battlecruiser  
  96  12:59  SCV  
  97  14:12  Terran Vehicle And Ship Armor Level 3  
  97  14:44  Supply Depot  
  97  15:06  Battlecruiser x2  
  109  15:07  Supply Depot  
  115  16:42  Supply Depot  
Show
View Real Time Build Order
Export as new Build Order

GABRIEL Terran 

Build Orders:  

Get SALT Encoding   

  12  0:01  SCV  
  13  0:13  SCV  
  14  0:23  Supply Depot  
  14  0:26  SCV  
  15  0:44  Engineering Bay  
  15  0:45  SCV  
  16  0:52  Refinery  
  16  0:57  SCV  
  16  0:58  Supply Depot  
  17  1:09  SCV  
  18  1:21  Barracks  
  18  1:27  SCV  
  19  1:37  Missile Turret  
  19  1:41  SCV  
  20  1:53  SCV  
  21  2:09  Missile Turret  
  21  2:10  Barracks  
  21  2:26  Orbital Command  
  21  2:34  Bunker  
  21  2:36  Barracks Tech Lab  
  21  2:54  Command Center  
  21  2:57  Terran Infantry Armor Level 1  
  21  2:58  Marine  
  21  3:01  Marine  
  23  3:05  Refinery  
  23  3:16  Marine  
  23  3:19  Marine  
  25  3:22  Ghost Academy  
  25  3:34  Marine  
  25  3:39  Barracks  
  26  3:44  SCV  
  27  3:58  Factory  
  27  4:10  SCV  
  27  4:15  Marine  
  29  4:22  SCV  
  29  4:23  Reaper  
  31  4:32  Refinery  
  31  4:33  Marine  
  31  4:34  SCV  
  31  4:37  Barracks  
  33  4:39  Reaper  
  34  4:47  Orbital Command  
  34  4:50  SCV  
  34  4:51  Reaper  
  36  4:55  Factory Tech Lab, Reaper  
  37  5:03  SCV  
  38  5:15  SCV  
  38  5:16  Starport  
  39  5:26  Barracks  
  39  5:27  SCV  
  40  5:33  Marauder  
  40  5:34  Barracks Tech Lab x2  
  42  5:36  Reaper  
  42  5:39  SCV  
  45  5:50  SCV  
  45  5:51  SCV  
  45  5:57  Starport Tech Lab  
  46  6:04  Fusion Core  
  46  6:20  Supply Depot  
  46  6:41  SCV x2  
  46  6:44  Supply Depot  
  45  6:54  SCV  
  40  7:06  Supply Depot, SCV  
  40  7:08  Reaper x4  
  43  7:09  Reaper  
  46  7:18  SCV  
  46  7:20  Missile Turret  
  47  7:29  Supply Depot  
  47  7:30  SCV  
  47  7:39  Missile Turret, Medivac  
  47  7:40  Reaper x2  
  47  7:42  SCV  
  52  7:51  Starport  
  52  7:53  Supply Depot  
  52  8:03  Missile Turret  
  52  8:09  Medivac  
  54  8:13  Refinery  
  54  8:15  Supply Depot  
  54  8:24  Missile Turret  
  54  8:29  Starport  
  51  8:47  Missile Turret  
  48  8:53  Missile Turret  
  48  9:07  Missile Turret  
  48  9:13  Starport Tech Lab  
  48  9:14  Missile Turret, Starport Tech Lab  
  48  9:17  Medivac  
  50  9:25  Command Center  
  50  9:29  Missile Turret  
  50  9:35  Missile Turret  
  50  9:36  Barracks Tech Lab  
  50  9:42  Marine x4  
  54  9:47  Medivac  
  54  9:49  Missile Turret  
  56  9:57  Missile Turret  
  56  9:59  Marine x2  
  58  10:09  Missile Turret  
  58  10:10  Neosteel Armor  
  58  10:17  Medivac  
  58  10:19  Missile Turret  
  60  10:30  Missile Turret  
  60  10:38  Missile Turret  
  60  10:39  Refinery  
  60  10:49  Missile Turret  
  59  10:57  Missile Turret  
  42  11:05  Refinery  
  38  11:12  Marine x5  
  38  11:14  Missile Turret  
  45  11:18  Widow Mine, Missile Turret  
  45  11:29  Marine  
  45  11:30  Marine x4  
  50  11:36  Missile Turret  
  52  11:40  Widow Mine  
  52  11:42  Missile Turret  
  52  11:47  Marine  
  52  11:48  Marine x4  
  52  11:50  Hi-Sec Auto Tracking  
  59  12:01  Widow Mine  
  59  12:02  Missile Turret  
  59  12:05  Marine x3  
  62  12:09  SCV  
  63  12:21  SCV  
  66  12:22  Widow Mine  
  66  12:28  Missile Turret  
  66  12:33  SCV  
  67  12:37  Orbital Command  
  67  12:42  Missile Turret  
  67  12:44  Widow Mine  
  69  12:45  SCV  
  69  12:47  Missile Turret  
  70  12:57  SCV  
  71  13:02  Missile Turret  
  71  13:10  Missile Turret  
  71  13:22  Missile Turret  
  59  13:30  Missile Turret  
  38  13:50  Missile Turret  
  38  13:51  Marine x2  
  41  14:00  Battlecruiser  
  41  14:01  Battlecruiser  
  38  15:04  Battlecruiser  
  38  15:05  Battlecruiser  
Show
View Real Time Build Order
Export as new Build Order

orbasan Terran 

Build Orders:  

Get SALT Encoding   

  12  0:03  SCV  
  13  0:30  Supply Depot  
  13  0:34  SCV  
  14  0:46  SCV  
  15  0:52  Supply Depot  
  15  0:58  SCV  
  15  1:01  Supply Depot  
  16  1:10  SCV  
  17  1:21  Supply Depot  
  17  1:22  SCV  
  17  1:23  Supply Depot  
  18  1:32  Refinery  
  18  1:44  Supply Depot  
  18  1:48  Supply Depot  
  18  2:08  Supply Depot  
  18  2:18  Barracks  
  18  2:27  SCV  
  19  2:32  Engineering Bay  
  19  2:40  Refinery, SCV  
  20  2:52  SCV  
  21  3:04  SCV  
  22  3:11  Barracks Reactor  
  22  3:16  SCV  
  22  3:17  Missile Turret  
  23  3:28  SCV  
  24  3:39  Missile Turret  
  24  3:40  SCV  
  25  3:52  SCV  
  25  3:54  Command Center  
  26  3:57  Engineering Bay  
  26  4:04  SCV  
  27  4:13  Marine x2  
  27  4:16  SCV  
  30  4:25  Factory  
  30  4:30  Marine  
  30  4:31  Marine  
  32  4:38  Missile Turret, Terran Infantry Weapons Level 1  
  32  4:40  Terran Infantry Armor Level 1  
  32  4:48  Marine x2  
  34  4:56  Barracks  
  34  5:03  Orbital Command  
  34  5:09  SCV  
  35  5:19  Missile Turret  
  35  5:21  SCV  
  36  5:34  SCV  
  36  5:35  Missile Turret  
  37  5:39  Missile Turret  
  37  5:40  Factory Tech Lab  
  37  5:46  Sensor Tower, SCV  
  37  5:49  Armory  
  38  6:06  Refinery  
  38  6:09  Refinery  
  38  6:25  Barracks Tech Lab  
  38  6:28  Missile Turret  
  38  6:36  Armory  
  38  6:53  Marine x2  
  40  6:54  Starport  
  40  7:10  Marine x2  
  40  7:11  Infernal Pre-Igniter  
  42  7:20  Thor  
  48  7:28  Marine x2  
  50  7:33  SCV  
  51  7:42  Starport  
  51  7:45  Starport Tech Lab, SCV  
  51  7:46  Marine x2  
  54  7:56  Command Center  
  54  8:04  Terran Vehicle Weapons Level 1  
  54  8:06  Terran Vehicle And Ship Armor Level 1  
  54  8:16  Combat Shield  
  54  8:20  Starport  
  54  8:30  Mag-Field Accelerator  
  54  8:52  Starport Tech Lab  
  54  9:01  Fusion Core, Starport Tech Lab  
  55  9:17  SCV  
  55  9:29  SCV  
  56  9:35  Stimpack  
  56  9:36  Refinery  
  56  9:41  Refinery, SCV  
  56  9:44  Terran Infantry Weapons Level 2  
  57  9:46  Terran Infantry Armor Level 2  
  57  9:53  SCV  
  57  9:59  Terran Vehicle Weapons Level 2  
  58  10:00  Terran Ship Weapons Level 1  
  58  10:03  Weapon Refit  
  58  10:05  SCV  
  59  10:10  Drilling Claws  
  59  10:12  Sensor Tower  
  54  11:15  Concussive Shells  
  54  11:28  Smart Servos  
  51  11:57  Missile Turret  
  51  12:16  Missile Turret  
  51  12:40  Missile Turret  
  51  12:48  Missile Turret  
  51  13:00  Battlecruiser  
  51  13:01  Battlecruiser  
  51  13:02  Battlecruiser  
  68  13:25  Terran Infantry Weapons Level 3  
  68  13:27  Terran Infantry Armor Level 3  
  68  13:33  Terran Vehicle Weapons Level 3  
  68  13:35  Terran Vehicle And Ship Armor Level 2  
  51  13:54  Marine x2  
  53  14:12  Marine x2  
  55  14:29  Marine  
  55  14:30  Marine  
  37  14:47  Marine  
  37  14:48  Marine  
  37  14:50  Missile Turret  
  37  15:05  Marine x2  
  39  15:11  Missile Turret  
  39  15:18  Missile Turret  
  39  15:23  Marine x2  
  41  15:32  Missile Turret  
  41  15:36  Missile Turret  
  41  15:38  Viking x3  
  41  15:41  Marine x2  
  20  16:08  Viking x3  
Show
View Real Time Build Order
Export as new Build Order

Tiberius Protoss 

Build Orders:  

Get SALT Encoding   

  12  0:14  Pylon  
  12  0:21  Probe (Chrono Boost)  
  13  0:31  Probe (Chrono Boost)  
  14  1:03  Assimilator  
  14  1:05  Gateway  
  14  1:10  Forge  
  14  1:27  Nexus  
  14  1:36  Probe (Chrono Boost)  
  16  1:47  Probe (Chrono Boost)  
  16  1:51  Probe (Chrono Boost)  
  17  2:50  Assimilator  
  17  2:55  Assimilator  
  17  2:58  Pylon  
  17  3:01  Assimilator  
  17  3:02  Pylon  
  17  3:05  Probe (Chrono Boost)  
  18  3:12  Cybernetics Core  
  18  3:15  Probe (Chrono Boost)  
  18  3:17  Pylon  
  19  3:20  Probe (Chrono Boost), Pylon  
  19  3:23  Pylon  
  20  3:31  Probe  
  21  3:44  Photon Cannon  
  21  3:45  Probe (Chrono Boost)  
  22  3:49  Probe (Chrono Boost)  
  23  4:00  Probe (Chrono Boost), Stargate  
  24  4:04  Probe (Chrono Boost)  
  24  4:05  Stargate  
  25  4:15  Probe  
  26  4:19  Stargate  
  26  4:28  Probe  
  27  4:36  Stargate  
  27  4:40  Probe  
  28  4:56  Probe (Chrono Boost)  
  29  5:00  Protoss Air Weapons Level 1 (Chrono Boost)  
  29  5:06  Probe (Chrono Boost)  
  30  5:11  Probe (Chrono Boost)  
  30  5:13  Void Ray (Chrono Boost)  
  35  5:21  Void Ray (Chrono Boost)  
  31  5:49  Photon Cannon  
  31  5:51  Photon Cannon  
  31  5:53  Void Ray (Chrono Boost)  
  31  5:56  Void Ray (Chrono Boost)  
  39  6:13  Pylon  
  39  6:18  Pylon  
  39  6:20  Pylon  
  39  6:24  Probe x2  
  41  6:41  Void Ray  
  45  6:55  Void Ray  
  49  7:17  Photon Cannon  
  49  7:19  Photon Cannon  
  49  7:22  Probe x2  
  51  7:34  Void Ray (Chrono Boost)  
  55  8:39  Void Ray x4  
  71  8:45  Protoss Air Armor Level 1 (Chrono Boost)  
  71  8:48  Probe x2  
  73  9:00  Probe  
  74  9:07  Fleet Beacon  
  74  9:43  Void Ray x3  
  86  9:49  Protoss Shields Level 1  
  86  10:32  Protoss Air Weapons Level 2  
  75  10:51  Probe x2  
  77  11:03  Probe, Photon Cannon  
  77  11:04  Probe  
  79  11:06  Photon Cannon  
  35  11:23  Tempest (Chrono Boost)  
  35  11:24  Tempest x2 (Chrono Boost)  
  46  11:36  Tempest (Chrono Boost)  
  51  12:00  Tempest  
  56  12:09  Tempest  
  61  12:23  Probe x2  
  63  12:33  Tempest  
  68  12:50  Tempest  
  73  12:58  Probe x2  
  47  13:39  Tempest (Chrono Boost)  
  47  13:40  Tempest x2 (Chrono Boost)  
  42  14:33  Tempest x3 (Chrono Boost)  
Show
View Real Time Build Order
Export as new Build Order

yaper Zerg 

Build Orders: Hatch First 

Get SALT Encoding   

  12  0:03  Drone  
  13  0:10  Drone  
  14  0:39  Hatchery  
  14  0:40  Drone  
  14  0:56  Spawning Pool  
  13  1:09  Drone  
  14  1:12  Overlord  
  14  1:19  Extractor, Drone  
  14  1:25  Overlord  
  14  1:39  Drone  
  15  1:45  Drone  
  16  1:48  Queen  
  18  1:58  Drone, Roach Warren  
  18  2:08  Drone x2  
  20  2:16  Drone x2  
  20  2:22  Zergling x2  
  23  2:24  Drone  
  24  2:33  Drone  
  25  2:38  Extractor  
  24  2:45  Lair  
  24  2:47  Drone x2  
  24  2:48  Drone  
  27  2:57  Roach  
  29  3:03  Drone x2  
  31  3:15  Extractor, Drone  
  31  3:16  Drone x4  
  35  3:24  Drone  
  36  3:30  Overlord x2  
  36  3:42  Overlord x2  
  37  3:48  Drone x2  
  37  3:49  Drone  
  39  3:56  Extractor, Drone  
  39  4:07  Spore Crawler  
  38  4:11  Spore Crawler  
  38  4:13  Hatchery  
  36  4:17  Overseer  
  36  4:22  Roach x3  
  42  4:28  Metabolic Boost  
  42  4:33  Drone x2  
  42  4:34  Drone  
  45  4:41  Drone x2  
  47  4:46  Queen  
  49  4:54  Drone x2  
  51  5:00  Queen  
  53  5:07  Zergling x6  
  56  5:18  Evolution Chamber  
  56  5:21  Evolution Chamber  
  54  5:25  Drone x3  
  57  5:28  Drone  
  62  5:35  Roach x2  
  62  5:36  Queen  
  64  5:45  Zerg Missile Weapons Level 1  
  64  5:55  Glial Reconstitution  
  64  6:07  Overlord x2  
  64  6:08  Overlord x3  
  64  6:19  Pneumatized Carapace  
  64  6:21  Drone  
  64  6:22  Drone x5  
  70  6:27  Extractor  
  70  6:32  Zerg Ground Armor Level 1  
  69  6:38  Roach x3  
  69  6:39  Zergling x2  
  76  7:02  Zergling x12  
  76  7:03  Zergling x2, Roach  
  76  7:06  Queen  
  76  7:07  Queen x2  
  91  7:11  Spore Crawler  
  90  7:18  Roach x3  
  96  7:34  Nydus Network  
  95  7:39  Zerg Melee Weapons Level 1  
  95  7:40  Roach x2  
  95  7:41  Zergling x4, Roach x3  
  107  7:44  Queen  
  109  7:55  Drone x3  
  112  8:04  Zergling x4  
  114  8:06  Overlord  
  114  8:26  Zerg Missile Weapons Level 2  
  114  8:29  Nydus Canal  
  114  8:37  Zergling x4  
  114  8:38  Overlord x3, Zergling x2, Roach x2  
  114  8:39  Overlord  
  121  8:48  Nydus Canal  
  121  9:06  Nydus Canal  
  121  9:19  Roach x2  
  121  9:20  Roach x7  
  139  9:27  Queen x3  
  145  9:41  Overlord x2  
  145  9:42  Overlord  
  145  9:51  Drone x3  
  145  9:52  Extractor  
  147  10:00  Roach  
  147  10:01  Roach x2  
  153  10:07  Zerg Melee Weapons Level 2  
  153  10:15  Infestation Pit  
  153  10:20  Overlord x6  
  152  10:35  Nydus Canal  
  152  10:42  Zerg Ground Armor Level 2  
  122  11:40  Roach x6  
  122  11:41  Roach x3  
  136  11:51  Hive  
  136  11:53  Pathogen Glands  
  136  11:55  Infestor x3  
  142  12:24  Infestor x3  
  142  12:25  Infestor x6  
  160  12:35  Ravager x6  
  160  12:36  Ravager x7  
  173  12:37  Ravager x3  
  176  12:49  Neural Parasite  
  176  12:56  Nydus Canal  
  153  13:38  Nydus Canal  
  153  13:44  Zergling x6  
  153  13:45  Zergling x12  
  115  14:22  Infestor  
  115  14:23  Infestor x6  
  120  14:59  Burrow  
  120  15:01  Infestor x6  
  120  15:02  Infestor x3  
  106  15:43  Infestor x2  
  106  15:44  Infestor x3  
Tags
 
Add a new tag
Caveats
  • Supply blocks, unpowered buildings, or Contaminate may cause inaccurate times.
  • Supply counts are checked every 10 seconds.